 Dungeon Crawl Stone Soup version 0.19-a0-1670-gc28a5d9 (webtiles) character file.

137238 Humalassa the Severer (level 17, -5/133 HPs)
             Began as a Formicid Fighter on Sept 22, 2016.
             Was a High Priest of Cheibriados.
             Slain by a deep troll shaman (illusionary) (16 damage)
             ... on level 1 of the Depths.
             The game lasted 00:50:10 (25239 turns).

Humalassa the Severer (Formicid Fighter)           Turns: 25239, Time: 00:50:11

Health: -5/133     AC: 32    Str: 44    XL:     17   Next: 82%
Magic:  15/24      EV: 14    Int: 21    God:    Cheibriados [*****.]
Gold:   2125       SH: 25    Dex: 26    Spells: 0 memorised, 16 levels left

rFire  + . .     SeeInvis +     a - +9 executioner's axe (chop)
rCold  . . .     Gourm    .     E - +1 chain mail {rF+}
rNeg   + . .     Faith    .     l - +0 large shield
rPois  +         Spirit   .     (helmet unavailable)
rElec  .         Dismiss  .     N - +2 cloak {+Inv}
rCorr  .         Reflect  .     z - +0 pair of gloves
MR     ++...     Harm     .     G - +0 pair of boots of the Other Side {*Contam rPois rN+ Str+3}
Stlth  ..........               s - amulet of regeneration
                                S - -3 ring of evasion (curse)
                                I - ring of Robustness {AC+8}

@: very slow
A: permanent stasis, dig shafts and tunnels, four strong arms, antennae 3, icy
blue scales 1, thin metallic scales 1, agile 2, magic resistance 1, strong 1
a: Dig, Shaft Self, Bend Time, Temporal Distortion, Slouch, Step From Time,
Renounce Religion, Evoke Invisibility


You were on level 1 of the Depths.
You worshipped Cheibriados.
Cheibriados was extremely pleased with you.
You were not hungry.

You visited 5 branches of the dungeon, and saw 25 of its levels.
You also visited: Volcano.

You collected 4801 gold pieces.
You spent 2676 gold pieces at shops.

Inventory:

Hand Weapons
 a - a +9 executioner's axe of chopping (weapon)
 b - a +1 battleaxe of flaming
Missiles
 e - 20 curare-tipped needles
 u - 11 javelins (quivered)
 K - a throwing net {!f}
Armour
 l - a +0 large shield (worn)
 z - a +0 pair of gloves (worn)
 E - a +1 chain mail of fire resistance (worn)
 G - the +0 pair of boots of the Other Side (worn) {*Contam rPois rN+ Str+3}
   (You acquired it on level 2 of the Orcish Mines)

   It affects your strength (+3).
   It protects you from poison.
   It protects you from negative energy.
   It causes magical contamination when unequipped.
 N - a +2 cloak of invisibility (worn)
Jewellery
 q - an uncursed ring of positive energy
 r - an uncursed ring of resist corrosion
 s - an amulet of regeneration (around neck)
 I - the ring of Robustness (left hand) {AC+8}
   (You bought it in a shop on level 2 of the Orcish Mines)

   [ring of protection]

   It affects your AC (+8).
 J - an uncursed ring of ice
 Q - an uncursed ring of poison resistance
 S - a cursed -3 ring of evasion (right hand)
Wands
 c - a wand of lightning (9/15)
 o - a wand of paralysis (15/24)
 p - a wand of flame (19/48)
 v - a wand of confusion (40/48)
 B - a wand of disintegration (17/24)
 L - a wand of confusion (19/48)
Scrolls
 g - 4 scrolls of fog
 i - a scroll of recharging
 k - 2 scrolls of vulnerability
 y - 9 scrolls of identify
 F - 2 scrolls of fear
 H - 6 scrolls of enchant armour
Potions
 d - 5 potions of might
 h - a potion of cancellation
 j - a potion of flight
 m - 11 potions of curing
 t - 5 potions of magic
 w - a potion of ambrosia
 C - 5 potions of heal wounds
 D - 2 potions of agility
 O - a potion of invisibility
 P - a potion of resistance
Miscellaneous
 x - a phial of floods
 A - a box of beasts
 M - a fan of gales
 R - a sack of spiders
Comestibles
 f - 12 bread rations
 n - 15 meat rations


   Skills:
 + Level 11.7 Fighting
 + Level 18.2 Axes
 + Level 13.1 Armour
 + Level 7.8 Dodging
 - Level 15.0 Shields
 - Level 10.2 Invocations
 - Level 6.0 Evocations


You had 16 spell levels left.
You didn't know any spells.

Dungeon Overview and Level Annotations

Branches:
Dungeon (15/15)            Temple (1/1) D:4            Lair (6/6) D:8
 Shoals (0/4) Lair:4        Snake (0/4) Lair:3        Slime (0/5) Lair:5
    Orc (2/2) D:9             Elf (0/3) Orc:2        Vaults (0/5) D:13
 Depths (1/5) D:15

Altars:
Ashenzari
Cheibriados
Dithmenos
Elyvilon
Fedhas
Gozag
Hepliaklqana
Kikubaaqudgha
Makhleb
Nemelex Xobeh
Okawaru
Qazlal
Ru
Sif Muna
Trog
Uskayaw
Vehumet
Xom
Yredelemnul
Zin
The Shining One
Beogh

Shops:
D:6 *   D:10 *   D:13 *   Orc:2 [=(}   Depths:1 *


Innate Abilities, Weirdness & Mutations

You are under a permanent stasis effect.
You can dig through walls and to a lower floor.
Your four strong arms can wield two-handed weapons with a shield.
You have a pair of large antennae on your head. (SInv)
You are partially covered in icy blue scales. (AC +2)
You are partially covered in thin metallic scales. (AC +2)
You are very agile. (Dex +4)
You are resistant to hostile enchantments. (MR+)
Your muscles are strong. (Str +2)


Message History

The deep troll shaman closely misses you.
The deep troll shaman prays to its god.
The deep troll shaman is healed somewhat.
The deep troll shaman mumbles some strange prayers to its god.
The deep troll shaman is healed somewhat.
The deep troll barely misses you. The deep troll claws you!
You block the deep troll's attack.
You cut the deep troll into ribbons!!!
The deep troll is severely wounded.
You slice the deep troll shaman!! x2
The deep troll shaman bites you but does no damage.
You block the deep troll shaman's attack. x2
The deep troll shaman bites you but does no damage.
You block the deep troll shaman's attack.
The deep troll shaman claws you! The deep troll barely misses you.
The deep troll claws you. You block the deep troll's attack.
The deep troll shaman bites you but does no damage.
The deep troll shaman claws you but does no damage. x2
The deep troll shaman bites you!
You die...

............###
..............#
..............# ......
.D...## #.... .....#
####.
..##...#####...##....#
.....%TT...#......#.#.
..R...T@.\.)..........
..#...(#...#........#.
#..0.###.#..........
#...................#.
......................
.#....).............#.
#A##..
#...........)........
###...
......#.#..))[.....#.
.#....
........))[.......


You could see a rakshasa, a deep troll and 2 deep troll shamans.

Vanquished Creatures
  Rupert (D:15)
  Gastronok (D:11)
  Kirke (Lair:6)
  A fire giant (Depths:1)
  A caustic shrike skeleton (D:15)
  A very ugly thing (Depths:1)
  A stone giant (Depths:1)
  A vampire knight (Depths:1)
  Nessos (D:14)
  2 dire elephants (Lair:6)
  Azrael (D:14)
  4 spark wasps (Depths:1)
  A fire dragon (Depths:1)
  A great orb of eyes (Depths:1)
  A catoblepas (Lair:4)
  Erolcha (D:9)
  An ice dragon (Depths:1)
  A merfolk avatar (Lair:6)
  A death knight (D:14)
  The ghost of Charly the Devastator, a journeyman DEFE of Sif Muna (D:15)
  10 hydras
  3 centaur warriors
  2 ogre magi (Depths:1)
  2 dancing weapons (D:13)
  A deep troll shaman (Depths:1)
  A queen ant (D:9)
  2 tengu warriors (D:15)
  12 death yaks
  2 orc high priests (Orc:2)
  3 vampire magi
  2 deep troll earth magi (Depths:1)
  Sonja (D:14)
  2 unseen horrors
  3 skeletal warriors
  6 deep trolls (Depths:1)
  5 hell knights (Depths:1)
  An unseen horror (shapeshifter) (D:15)
  A glowing orange brain (Depths:1)
  A sea snake (Lair:6)
  3 hill giants
  A phantasmal warrior (D:14)
  A wizard (Depths:1)
  Pikel (D:6)
  A wolf spider zombie (D:15)
  2 necromancers
  6 orc sorcerers (Orc:2)
  2 cyclopes
  8 ugly things
  2 manticores
  9 elephants
  A centaur zombie (D:12)
  Joseph (D:7)
  2 black mambas
  Psyche (D:9)
  3 molten gargoyles (Volcano)
  4 gargoyles
  11 spiny frogs
  A spiny frog (shapeshifter) (D:13)
  2 torpor snails
  9 rime drakes
  A yaktaur (D:13)
  11 komodo dragons
  3 kobold demonologists
  A tengu conjurer (D:15)
  An efreet (D:15)
  7 trolls
  A yaktaur skeleton (D:15)
  7 polar bears
  A queen bee (D:11)
  6 two-headed ogres
  A wind drake (Lair:6)
  A fire dragon zombie (D:15)
  5 dream sheep (Lair:6)
  12 blink frogs
  5 slime creatures (Depths:1)
  A wolf spider simulacrum (D:15)
  An ettin zombie (D:15)
  13 hippogriffs
  A water elemental (Depths:1)
  A basilisk (Lair:3)
  4 wyverns
  2 wraiths
  A shadow (D:15)
  72 yaks
  A spriggan (Lair:5)
  A fire bat (Volcano)
  5 fire elementals
  4 hungry ghosts
  2 mottled dragons
  A naga (Lair:3)
  6 wargs
  17 soldier ants
  2 vampire mosquitoes (D:15)
  16 water moccasins
  8 porcupines
  3 hell hounds
  A black bear (D:10)
  34 orc warriors
  A sky beast (D:4)
  4 ice beasts
  4 slaves (D:6)
  A wasp (Lair:6)
  5 boggarts (D:13)
  A phantom (D:6)
  An eye of draining (D:15)
  25 centaurs
  19 ogres
  5 wolves (Lair:4)
  17 crocodiles
  3 big kobolds
  22 bullfrogs
  A gnoll sergeant (D:6)
  An earth elemental (Volcano)
  2 scorpions
  4 wights (D:10)
  23 killer bees
  2 electric eels
  5 howler monkeys
  6 crimson imps
  A bullfrog zombie (D:12)
  A quasit (D:14)
  A bullfrog skeleton (D:8)
  7 jellies
  Crazy Yiuf (D:2)
  A gnoll shaman (D:6)
  10 hounds
  43 orc priests
  4 centaur skeletons
  5 iguanas
  7 hell rats (Lair:2)
  54 orc wizards
  41 worker ants
  A killer bee zombie (D:6)
  A hound zombie (D:6)
  A hound skeleton (D:4)
  A worker ant zombie (D:8)
  Robin (D:2)
  13 gnolls
  A howler monkey skeleton (D:7)
  16 adders
  56 river rats
  2 shadow imps
  4 oozes
  An adder skeleton (D:4)
  7 worms
  A dart slug (D:1)
  3 leopard geckos
  113 orcs
  3 ball pythons
  3 giant cockroaches
  17 goblins
  11 hobgoblins
  19 jackals
  22 kobolds
  8 quokkas
  10 bats
  7 frilled lizards
  A leopard gecko skeleton (D:8)
  A leopard gecko zombie (D:5)
  12 rats
  A bush (Lair:4)
  5 fungi
  25 plants
  2 withered plants (D:15)
1112 creatures vanquished.

Vanquished Creatures (others)
  A yak (Lair:5)
  A vampire (D:14)
  4 humans (Lair:6)
  An iguana (Lair:1)
  13 fungi
  24 plants
44 creatures vanquished.

Grand Total: 1156 creatures vanquished

Notes
Turn   | Place    | Note
-------+----------+-------------------------------------------
     0 | D:1      | Humalassa the Formicid Fighter began the quest for the Orb.
     0 | D:1      | Reached XP level 1. HP: 18/18 MP: 1/1
   207 | D:1      | Reached XP level 2. HP: 24/24 MP: 2/2
   656 | D:2      | Reached XP level 3. HP: 29/29 MP: 3/3
   772 | D:2      | Noticed Robin
   817 | D:2      | Killed Robin
   820 | D:2      | Reached skill level 3 in Axes
   824 | D:2      | Reached XP level 4. HP: 35/35 MP: 4/4
   898 | D:2      | Reached skill level 5 in Shields
  1308 | D:2      | Found a glowing silver altar of Zin.
  1567 | D:2      | Found a runed door.
  1571 | D:2      | Noticed Crazy Yiuf
  1943 | D:1      | Reached XP level 5. HP: 38/41 MP: 5/5
  3154 | D:4      | Reached skill level 4 in Axes
  3158 | D:4      | Reached XP level 6. HP: 47/47 MP: 6/6
  3542 | D:4      | Found an opulent altar of Gozag.
  3925 | D:4      | Reached XP level 7. HP: 52/52 MP: 7/7
  3980 | D:4      | Reached skill level 5 in Axes
  4030 | D:4      | Gained mutation: Your muscles are strong. (Str +2) [mutagenic meat]
  4062 | D:4      | Found an iron altar of Okawaru.
  4131 | D:5      | Entered Level 5 of the Dungeon
  4305 | D:5      | Reached skill level 6 in Axes
  4305 | D:5      | Reached XP level 8. HP: 44/58 MP: 8/8
  4367 | D:5      | Found an ancient bone altar of Kikubaaqudgha.
  4853 | D:6      | Noticed a hippogriff
  4870 | D:6      | Killed a hippogriff
  4880 | D:6      | Reached skill level 7 in Axes
  4984 | D:6      | Found Yduckog's Assorted Antiques.
  4992 | D:6      | Bought a smoky ruby potion for 18 gold pieces
  4992 | D:6      | Bought 2 scrolls labeled BOAFIO OLOWED for 42 gold pieces
  4992 | D:6      | Bought a scroll labeled LEFIRA SIPSIH for 21 gold pieces
  5125 | D:6      | Reached XP level 9. HP: 60/64 MP: 9/9
  5255 | D:6      | Reached skill level 8 in Axes
  5551 | D:7      | Reached skill level 5 in Armour
  5554 | D:7      | Found a shattered altar of Ashenzari.
  5797 | D:4      | Found a staircase to the Ecumenical Temple.
  5812 | Temple   | Entered the Ecumenical Temple
  5979 | Temple   | Became a worshipper of Cheibriados the Contemplative
  6694 | D:2      | Killed Crazy Yiuf
  7345 | D:6      | Noticed Pikel
  7385 | D:6      | Killed Pikel
  7385 | D:6      | Reached * piety under Cheibriados
  7459 | D:6      | Found a stormy altar of Qazlal.
  8116 | D:7      | Noticed Joseph
  8136 | D:7      | Killed Joseph
  8136 | D:7      | Reached skill level 9 in Axes
  8136 | D:7      | Reached XP level 10. HP: 35/70 MP: 12/12
  8660 | D:8      | Reached ** piety under Cheibriados
  8661 | D:8      | Found a staircase to the Lair.
  8667 | D:8      | Reached skill level 5 in Evocations
  8749 | D:8      | Found a hazy altar of Hepliaklqana.
  8756 | D:8      | Gained mutation: You are agile. (Dex +2) [potion of mutation]
  8756 | D:8      | Gained mutation: Your muscles are very strong. (Str +4) [potion of mutation]
  8756 | D:8      | Gained mutation: You are very agile. (Dex +4) [potion of mutation]
  8854 | D:8      | Found a shadowy altar of Dithmenos.
  9137 | D:6      | Bought a runed war axe for 73 gold pieces
  9137 | D:6      | Bought a green potion for 18 gold pieces
  9230 | D:9      | Noticed Psyche
  9237 | D:9      | Killed Psyche
  9304 | D:9      | Noticed a queen ant
  9329 | D:9      | Killed a queen ant
  9329 | D:9      | Reached skill level 10 in Axes
  9332 | D:9      | Reached XP level 11. HP: 68/78 MP: 15/15
  9347 | D:9      | Reached skill level 5 in Fighting
  9378 | D:9      | Reached *** piety under Cheibriados
  9607 | D:9      | Found a staircase to the Orcish Mines.
  9607 | D:9      | Found a roughly hewn altar of Beogh.
  9702 | D:9      | Reached **** piety under Cheibriados
  9931 | D:9      | Reached ***** piety under Cheibriados
  9967 | D:9      | Noticed Erolcha
  9976 | D:9      | Killed Erolcha
  9976 | D:9      | Reached skill level 5 in Invocations
 10363 | D:10     | Entered Level 10 of the Dungeon
 10604 | D:10     | Reached XP level 12. HP: 79/89 MP: 15/17
 10927 | D:10     | Found Vuitig's General Store.
 10946 | D:10     | Bought a scroll of identify for 26 gold pieces
 10946 | D:10     | Bought a scroll of identify for 26 gold pieces
 11222 | Lair:1   | Entered Level 1 of the Lair of Beasts
 11322 | Lair:1   | Reached ****** piety under Cheibriados
 11331 | Lair:1   | Reached skill level 10 in Invocations
 11638 | Lair:1   | Reached skill level 11 in Axes
 11643 | Lair:1   | Reached skill level 1 in Dodging
 11698 | Lair:1   | Identified a scroll of acquirement
 12418 | Lair:2   | Noticed a four-headed hydra
 12426 | Lair:2   | Killed a four-headed hydra
 12426 | Lair:2   | Reached skill level 12 in Axes
 12764 | Lair:2   | Noticed a four-headed hydra
 12770 | Lair:2   | Killed a four-headed hydra
 12770 | Lair:2   | Reached XP level 13. HP: 85/96 MP: 20/20
 13154 | Lair:3   | Reached skill level 13 in Axes
 13254 | Lair:3   | Found a staircase to the Snake Pit.
 13570 | Lair:3   | Noticed a four-headed hydra
 13577 | Lair:3   | Killed a four-headed hydra
 13577 | Lair:3   | Reached skill level 14 in Axes
 14034 | Lair:4   | Reached skill level 15 in Axes
 14075 | Lair:4   | Found a dark tunnel.
 14134 | Volcano  | Entered a volcano
 14192 | Volcano  | Found a radiant altar of Vehumet.
 14515 | Lair:4   | Noticed a seven-headed hydra
 14521 | Lair:4   | Killed a five-headed hydra
 14615 | Lair:4   | Reached XP level 14. HP: 79/103 MP: 21/21
 14714 | Lair:4   | Reached skill level 10 in Armour
 14921 | Lair:4   | Found a staircase to the Shoals.
 15593 | Lair:5   | Found a staircase to the Slime Pits.
 16580 | Lair:6   | Entered Level 6 of the Lair of Beasts
 16714 | Lair:6   | Noticed Kirke
 16731 | Lair:6   | Killed Kirke
 16731 | Lair:6   | Reached skill level 10 in Shields
 16783 | Lair:6   | Reached skill level 16 in Axes
 16953 | Lair:6   | Noticed a dire elephant
 16953 | Lair:6   | Noticed a dire elephant
 16961 | Lair:6   | Killed a dire elephant
 16961 | Lair:6   | Reached XP level 15. HP: 75/114 MP: 22/22
 17024 | Lair:6   | Reached skill level 5 in Dodging
 17576 | Lair:6   | Reached skill level 10 in Fighting
 18138 | D:6      | Bought a potion of might for 84 gold pieces
 18138 | D:6      | Bought a potion of might for 84 gold pieces
 18265 | D:11     | Noticed Gastronok
 18271 | D:11     | Killed Gastronok
 18554 | Orc:1    | Entered Level 1 of the Orcish Mines
 18737 | Orc:2    | Entered Level 2 of the Orcish Mines
 18737 | Orc:2    | Found a staircase to the Elven Halls.
 19911 | Orc:2    | Found Leosihib's Gadget Boutique.
 19911 | Orc:2    | Found Giutuanu's Antique Weapon Boutique.
 19912 | Orc:2    | Found Rotam's Antique Armour Shop.
 19915 | Orc:2    | Found Vehuipn's Jewellery Shop.
 19945 | Orc:2    | Reached XP level 16. HP: 124/124 MP: 23/23
 20308 | Orc:2    | Bought a pair of embroidered boots for 108 gold pieces
 20965 | D:12     | Found a roughly hewn altar of Beogh.
 21716 | D:13     | Found a gate to the Vaults.
 21805 | D:13     | Found Nyreunoelu's Assorted Antiques.
 21986 | Orc:2    | Bought the ring of Robustness {AC+8} for 2176 gold pieces
 21989 | Orc:2    | Got a pair of bloodstained boots
 22000 | Orc:2    | Identified the +0 pair of boots of the Other Side {*Contam rPois rN+ Str+3} (You acquired it on level 2 of the Orcish Mines)
 22451 | D:13     | Found a bloodstained altar of Trog.
 22772 | D:13     | Gained mutation: You are resistant to hostile enchantments. (MR+) [mutagenic meat]
 22775 | D:13     | Lost mutation: Your muscles are very strong. (Str +4) [mutagenic meat]
 22778 | D:13     | Gained mutation: You are partially covered in thin metallic scales. (AC +2) [mutagenic meat]
 22781 | D:13     | Gained mutation: You are partially covered in icy blue scales. (AC +2) [mutagenic meat]
 22908 | D:14     | Noticed Azrael
 22913 | D:14     | Killed Azrael
 22939 | D:14     | Noticed Nessos
 22944 | D:14     | Killed Nessos
 23002 | D:14     | Noticed Sonja
 23002 | D:14     | Killed Sonja
 23805 | D:15     | Entered Level 15 of the Dungeon
 23810 | D:15     | Reached skill level 17 in Axes
 24017 | D:15     | Noticed Rupert
 24030 | D:15     | Killed Rupert
 24091 | D:15     | Noticed Charly's ghost (journeyman DEFE)
 24093 | D:15     | Killed Charly's ghost
 24118 | D:15     | Found a staircase to the Depths.
 24155 | D:15     | Reached XP level 17. HP: 131/131 MP: 8/24
 24883 | Depths:1 | Entered Level 1 of the Depths
 25062 | Depths:1 | Reached skill level 18 in Axes
 25196 | Depths:1 | Reached skill level 15 in Shields
 25208 | Depths:1 | Found Ygump's Blood Bar.
 25239 | Depths:1 | Slain by a deep troll shaman (illusionary)

Vault maps used:
D:1:      lemuel_arrival_room
D:2:      lemuel_coloured_pillars_altar, uniq_robin, uniq_crazy_yiuf_cottage
D:4:      lemuel_round_altar, first_bread, minmay_statues_item,
          okawaru_altar_gauntlet_db
D:5:      kiku_gazebo_pond_becter
D:6:      lemuel_doored_altar, serial_shops, shop, uniq_pikel
D:7:      ashenzari_conservatory_becter, uniq_joseph
D:8:      old_standard_altar, grunt_dithmenos_smoke, erik_lair_orcish_takeover,
          hangedman_pestilent_swarm
D:9:      david_orc_5, hangedman_decor_riveting, serial_bayou_pond_b,
          grunt_ministairs_2, zaba_anthell, uniq_erolcha, uniq_psyche
D:10:     serial_shops, nicolae_shop_temple_entry_statues_fountains,
          serial_park_tiny_2
D:11:     nicolae_looking_at_the_future, uniq_gastronok
D:12:     special_room
D:13:     erik_vaults_1, serial_shops, nicolae_shop_overgrown_old_shop,
          david_defended_altar_orc
D:14:     uniq_sonja, uniq_azrael, uniq_nessos
D:15:     gammafunk_depths_entry_grave, minmay_fountain_box, uniq_rupert
Temple:   nicolae_temple_great_sept
Lair:1:   portal_ice_cave_entry_pillars_2, serial_bayou_lagoon_a,
          grunt_megastairs_5, serial_bayou_shore_b
Lair:3:   guppyfry_snake_entry_island, grunt_megastairs_2
Lair:4:   shoals_dummy_entry, enter_volcano_3
Lair:5:   nicolae_slime_entry_slimehenge, wad_woods_03, bh_autumn_forest_stairs
Lair:6:   gammafunk_lair_ancient_temple, serial_bayou_shore_a, uniq_kirke
Orc:2:    st_orc_mages, lightli_orcish_oven
Depths:1: enter_ziggurat_f, serial_shops, bzr_entry_dummy, hell_entry,
          kennysheep_minor_cross, minmay_crystal_water, minmay_misc_feat_doors,
          guppyfry_shop_blood, serial_bayou_shore_b,
          roderic_lattice_octagonal_star, firewood_loft
Volcano:  volcano_lake

Skill      XL: |  1  2  3  4  5  6  7  8  9 10 11 12 13 14 15 16 17 |
---------------+----------------------------------------------------+-----
Shields        | 4 5 6 7 9 10 11 13 15 | 15.0
Axes           | 3 4 6 7 9 10 12 15 16 17 18 | 18.2
Armour         | 6 8 9 11 12 13 | 13.1
Evocations     | 3 6 |  6.0
Fighting       | 4 6 7 9 10 11 | 11.7
Invocations    | 2 7 10 | 10.2
Dodging        | 1 4 6 7 |  7.8

Action                   |  1- 3 |  4- 6 |  7- 9 | 10-12 | 13-15 | 16-18 || total
-------------------------+-------+-------+-------+-------+-------+-------++-------
Melee: War axe           |    98 |   297 |   558 |   719 |   178 |       ||  1850
       Unarmed           |       |       |     4 |       |       |       ||     4
       Morningstar       |       |       |       |    10 |     5 |       ||    15
       Executioner's axe |       |       |       |       |   647 |   427 ||  1074
       Battleaxe         |       |       |       |       |    17 |     9 ||    26
Throw: Javelin           |       |       |     2 |       |       |       ||     2
Invok: Slouch            |       |       |       |       |     5 |    16 ||    21
       Temporal Distorti |       |       |       |       |     2 |       ||     2
 Abil: Dig               |     2 |     1 |     8 |    15 |    23 |     3 ||    52
       Stop Flying       |       |       |       |       |       |     1 ||     1
Evoke: Wand              |       |       |     1 |       |       |       ||     1
  Use: Scroll            |       |       |    10 |    15 |    15 |     5 ||    45
       Potion            |       |       |       |     2 |     2 |       ||     4
  Eat: Chunk             |       |    11 |    12 |    15 |    18 |    12 ||    68
       Meat ration       |       |       |     1 |       |       |       ||     1
       Pizza             |       |       |       |       |     1 |       ||     1
       Bread ration      |       |       |       |       |       |     2 ||     2
Armor: Scale mail        |    31 |       |       |       |       |       ||    31
       Plate armour      |       |   163 |   214 |   209 |   277 |     9 ||   872
       Chain mail        |       |       |       |       |     2 |   179 ||   181
Dodge: Dodged            |    28 |    65 |   111 |   143 |   230 |   212 ||   789
Block: Shield            |    43 |   209 |   325 |   453 |   186 |       ||  1216
       Large shield      |       |       |       |       |   643 |   715 ||  1358
